Map: [ESL] Tropical Sacrifice

Players

Cham - Winner!

  • Race: Zerg Zerg
  • Spawn Location: 7:00

MasTeR

  • Race: Protoss Protoss
  • Spawn Location: 1:00

Event: DreamHack SC2 Masters 2022 Atlanta (Online)

VOD

Have the link to the VOD?

Description

Time

  • Played on: Sept. 29, 2022, 5:15 p.m.
  • Length: 7:28

All games in this series

Show
View Real Time Build Order
Export as new Build Order

Cham Zerg - Winner!

Build Orders: Hatch First 

Get SALT Encoding   

  12  0:00  Drone  
  13  0:08  Drone  
  14  0:17  Overlord  
  15  0:35  Drone x2  
  16  0:48  Hatchery  
  15  0:52  Drone  
  15  0:55  Drone  
  17  0:59  Drone  
  18  1:13  Spawning Pool  
  18  1:15  Extractor  
  18  1:18  Drone  
  17  1:21  Drone  
  18  1:29  Drone  
  19  1:40  Drone  
  20  1:52  Drone  
  21  2:00  Queen x2  
  25  2:02  Drone x2  
  27  2:12  Drone, Overlord  
  28  2:26  Hatchery  
  27  2:30  Drone  
  27  2:32  Drone  
  29  2:38  Queen  
  29  2:42  Overlord  
  31  2:45  Drone  
  31  2:48  Drone  
  31  2:49  Zergling x2  
  34  2:57  Queen  
  36  3:01  Drone  
  37  3:09  Drone x3  
  37  3:10  Drone x2  
  37  3:11  Drone  
  37  3:12  Drone  
  44  3:17  Overlord  
  44  3:19  Overlord  
  44  3:25  Spore Crawler  
  44  3:26  Drone  
  44  3:28  Spore Crawler  
  44  3:30  Drone  
  44  3:35  Queen  
  44  3:38  Drone x2  
  44  3:40  Spore Crawler  
  47  3:42  Drone  
  47  3:44  Drone  
  47  3:47  Drone x2  
  51  3:54  Drone x4  
  55  3:58  Overlord  
  55  4:00  Metabolic Boost  
  55  4:05  Drone x2  
  55  4:09  Overlord  
  57  4:10  Drone  
  57  4:14  Drone  
  57  4:15  Drone  
  57  4:17  Lair  
  60  4:21  Drone  
  60  4:22  Drone x3  
  64  4:25  Drone, Extractor  
  64  4:27  Drone x2  
  66  4:32  Overlord  
  66  4:33  Drone x2  
  66  4:36  Extractor  
  66  4:37  Extractor x2, Overlord  
  66  4:38  Extractor  
  64  4:40  Drone  
  64  4:41  Zergling x2  
  66  4:46  Zergling x4  
  66  4:52  Drone  
  69  4:57  Drone x3  
  72  5:01  Drone  
  72  5:02  Drone  
  72  5:03  Drone x2  
  72  5:04  Overlord  
  72  5:05  Zergling x6  
  78  5:12  Drone  
  77  5:18  Drone  
  77  5:19  Zergling x4, Hatchery  
  79  5:24  Drone x3, Spire  
  81  5:28  Queen  
  81  5:34  Drone x2  
  85  5:36  Zergling x4, Drone x2  
  85  5:39  Zergling x4  
  91  5:43  Zergling x4  
  91  5:47  Overlord  
  91  5:49  Overlord  
  93  5:51  Zergling x2, Overlord  
  94  5:57  Drone  
  94  5:58  Drone, Overlord  
  94  5:59  Zergling x4  
  94  6:03  Overlord  
  98  6:06  Zergling x8  
  98  6:07  Zergling x2  
  103  6:11  Zergling x4  
  103  6:15  Zergling x2  
  103  6:17  Overlord  
  99  6:35  Mutalisk x5  
  99  6:36  Mutalisk x4  
  118  6:41  Mutalisk x3  
  118  6:43  Mutalisk  
  118  6:45  Mutalisk x2  
  128  6:47  Mutalisk  
  128  6:52  Mutalisk  
  128  6:53  Zergling x2  
  130  7:03  Mutalisk  
  130  7:04  Zergling x2, Mutalisk  
  130  7:07  Zergling x8  
  125  7:08  Zergling x2  
  125  7:09  Zergling x2  
  125  7:10  Zergling x2  
Show
View Real Time Build Order
Export as new Build Order

MasTeR Protoss 

Build Orders: 1 Gate Expand, Oracle Opening 

Get SALT Encoding   

  12  0:00  Probe  
  13  0:12  Probe  
  14  0:20  Pylon  
  14  0:24  Probe  
  15  0:38  Probe (Chrono Boost)  
  16  0:42  Gateway  
  16  0:48  Probe (Chrono Boost), Assimilator  
  17  0:53  Probe (Chrono Boost)  
  18  1:04  Probe  
  19  1:16  Probe  
  20  1:26  Nexus  
  20  1:37  Cybernetics Core  
  20  1:40  Probe  
  20  1:46  Assimilator  
  21  1:52  Probe  
  22  1:57  Pylon  
  22  2:04  Probe (Chrono Boost)  
  23  2:14  Adept  
  25  2:17  Probe (Chrono Boost)  
  25  2:21  Stargate  
  26  2:24  Probe (Chrono Boost)  
  26  2:29  Warp Gate  
  27  2:31  Probe (Chrono Boost)  
  28  2:39  Probe (Chrono Boost)  
  28  2:43  Probe (Chrono Boost)  
  30  2:48  Probe (Chrono Boost)  
  30  2:49  Probe (Chrono Boost)  
  30  2:51  Stalker  
  34  2:53  Probe (Chrono Boost)  
  34  2:57  Probe  
  36  3:03  Oracle (Chrono Boost)  
  36  3:05  Probe  
  37  3:09  Probe  
  41  3:17  Probe  
  42  3:21  Probe, Pylon  
  43  3:29  Probe  
  43  3:30  Gateway  
  43  3:33  Probe  
  45  3:39  Oracle  
  48  3:45  Probe x2  
  50  3:53  Nexus  
  50  3:57  Pylon  
  50  3:59  Probe x2  
  52  4:04  Assimilator  
  52  4:09  Twilight Council  
  52  4:11  Probe  
  52  4:16  Probe  
  54  4:17  Stalker  
  54  4:23  Probe  
  57  4:28  Probe  
  57  4:30  Gateway  
  58  4:32  Gateway  
  58  4:35  Probe  
  58  4:38  Shield Battery  
  59  4:40  Probe, Blink (Chrono Boost)  
  60  4:46  Stalker  
  60  4:51  Pylon  
  62  4:58  Pylon  
  62  5:05  Probe x2  
  64  5:13  Stalker x2  
  68  5:17  Probe, Gateway  
  68  5:20  Gateway  
  71  5:22  Gateway  
  71  5:23  Gateway  
  71  5:25  Stalker  
  71  5:28  Probe  
  72  5:29  Probe  
  72  5:30  Probe  
  74  5:36  Stalker  
  74  5:37  Stalker  
  74  5:40  Probe  
  74  5:41  Probe  
  80  5:48  Probe  
  80  5:49  Pylon  
  81  5:51  Pylon  
  81  5:54  Stalker x2  
  85  5:59  Probe x2  
  85  6:01  Pylon  
  85  6:03  Stalker x2  
  91  6:09  Gateway  
  91  6:14  Stalker  
  91  6:16  Stalker  
  95  6:26  Stalker x4  
  95  6:29  Stalker  
  105  6:33  Stalker  
  107  6:41  Probe x2  
  107  6:43  Pylon  
  107  6:44  Stalker x2  
  113  6:54  Zealot x2  
  111  7:10  Stalker x4  
  111  7:11  Zealot x3  
  113  7:15  Probe  
  113  7:16  Probe  
Tags
 
Add a new tag
Caveats
  • Supply blocks, unpowered buildings, or Contaminate may cause inaccurate times.
  • Supply counts are checked every 10 seconds.